 Dungeon Crawl Stone Soup version 0.32-a0-932-g546787307d (webtiles) character file.

Game seed: 16309902685510258251

6750 Ajdolov the Frost Mage (level 10, -14/83 (84) HPs)
             Began as an Armataur Ice Elementalist on Apr 14, 2024.
             Was a Believer of Sif Muna.
             Demolished by a two-headed ogre
             ... wielding a +0 giant club
              (27 damage)
             ... on level 10 of the Dungeon.
             The game lasted 00:23:23 (11850 turns).

Ajdolov the Frost Mage (Armataur Ice Elementalist) Turns: 11850, Time: 00:23:24

HP:   -14/83 (84)   AC:  7    Str: 19    XL:     10   Next: 75%
MP:   29/31         EV:  8    Int: 20    God:    Sif Muna [**....]
Gold: 451           SH:  0    Dex: 17    Spells: 15/25 levels left

rFire   . . .        v - +0 halberd (heavy)
rCold   . . .        (shield currently unavailable)
rNeg    . . .        J - +1 leather armour of Grace {MP+9 Dex+6}
rPois   .            I - +1 hat
rElec   .            G - +0 cloak
rCorr   .            (no gloves)
SInv    .            (no barding)
Will    +....        (no amulet)
Stlth   ++           h - +6 ring of strength
HPRegen 0.98/turn    q - ring of willpower
MPRegen 0.55/turn

%: roll
@: lightly drained
A: large, deformed body, tough skin 3, armoured tail, rollpage 2
a: Renounce Religion, Channel Magic


You were on level 10 of the Dungeon.
You worshipped Sif Muna.
Sif Muna was pleased with you.
You visited 2 branches of the dungeon, and saw 11 of its levels.

You collected 595 gold pieces.
You spent 144 gold pieces at shops.

Inventory:

Hand Weapons
 o - a +1 demon whip of venom
 v - a +0 heavy halberd (weapon)
Missiles
 c - 20 poisoned darts
 E - a throwing net
Armour
 C - a +1 robe of cold resistance
 G - a +0 cloak (worn)
 H - +0 steam dragon scales
 I - a +1 hat (worn)
 J - the +1 leather armour of Grace (worn) {MP+9 Dex+6}
   (You took it off a wight on level 8 of the Dungeon)

   Dex+6:     It affects your dexterity (+6).
   MP+9:      It affects your magic capacity (+9).
Jewellery
 h - a +6 ring of strength (left hand)
 q - a ring of willpower (right hand)
 t - a +6 ring of strength
 D - a ring of see invisible
Wands
 u - a wand of polymorph (6)
 y - a wand of flame (15)
Scrolls
 d - 3 scrolls of fog
 f - 4 scrolls of noise
 i - a scroll of blinking {unknown}
 j - 2 scrolls of vulnerability
 l - a scroll of immolation {unknown}
 n - 3 scrolls of amnesia {unknown}
 p - 4 scrolls of teleportation
 s - a scroll of fear {unknown}
 K - a scroll of enchant weapon {unknown}
Potions
 a - 3 potions of resistance {unknown}
 b - 4 potions of magic
 e - a potion of attraction {unknown}
 g - 3 potions of cancellation {unknown}
 k - 5 potions of curing
 m - 3 potions of brilliance
 r - 4 potions of berserk rage {unknown}
 w - 4 potions of heal wounds
 x - a potion of experience {unknown}
 z - a potion of lignification {unknown}
 A - a potion of ambrosia {unknown}
 B - 2 potions of mutation {unknown}
 F - 2 potions of might {unknown}


   Skills:
 + Level 6.9 Fighting
 + Level 1.0 Armour
 - Level 1.3 Dodging
 - Level 2.1 Stealth
 - Level 8.0 Spellcasting
 - Level 10.0 Ice Magic
 + Level 0.8 Invocations
 - Level 5.0 Evocations


You had 15 spell levels left.
You knew the following spells:

 Your Spells              Type           Power      Damage    Failure   Level
a - Freeze                Ice            100%       1d10      1%          1
b - Frozen Ramparts       Ice            96%        1d15      1%          3
c - Ozocubu's Armour      Ice            48%        N/A       1%          3
d - Summon Ice Beast      Ice/Summ       28%        N/A       3%          3

Your spell library contained the following spells:

 Spells                   Type           Power      Damage    Failure   Level
 Magic Dart               Conj           32%        1d4       10%         1
 Blink                    Tloc           16%        N/A       16%         2
 Call Imp                 Summ           16%        N/A       16%         2
 Sublimation of Blood     Necr           8%         N/A       16%         2
 Fugue of the Fallen      Necr           8%         N/A       30%         3
 Sigil of Binding         Hex            8%         N/A       30%         3
 Petrify                  Alch/Erth      8%         N/A       69%         4
 Sculpt Simulacrum        Ice/Alch       14%        N/A       89%         6
 Irradiate                Conj/Alch      4%         3d13      95%         5
 Death Channel            Necr           4%         N/A       100%        6
 Manifold Assault         Tloc           4%         N/A       100%        7


Dungeon Overview and Level Annotations

Branches:
Dungeon (10/15)            Temple (1/1) D:5
   Lair: D:8-11         Orc: D:9-12

Altars:
Ashenzari
Cheibriados
Dithmenos
Elyvilon
Fedhas
Gozag
Hepliaklqana
Kikubaaqudgha
Makhleb
Nemelex Xobeh
Okawaru
Qazlal
Ru
Sif Muna
Trog
Vehumet
Wu Jian
Yredelemnul
Zin
The Shining One

Shops:
D:1 [   D:2 *   D:6 *   D:9 *   D:10 =

Annotations:
D:3 2 transporters, P0WERM0DE's ghost, amateur CoCK
D:4 Menkaure
D:9 Joseph
D:10 exclusion: vampire


Innate Abilities, Weirdness & Mutations

Armour fits poorly on your strangely shaped body.
You have extremely tough skin. (AC +3)
You have a long armoured tail.
You regenerate magic and health when rolling toward enemies. (Rampage Regen)


Message History

The killer bee stings you!
You are poisoned.
The killer bee poisons you!
The wall freezes the killer bee.
You kill the killer bee!
Sif Muna accepts your kill.
Your Armour skill increases to level 1!
The frozen ramparts melt away as you move.
You feel very sick.
You feel sick.
You start resting.
You feel sick. x6
You are no longer poisoned.
Magic restored.
HP restored.
You see here a killer bee corpse.
Found a stone staircase leading down.
Found a plate armour.
Found 5 stones.
Found 2 stones.
Found Ytwew's Jewellery Boutique.
No target in view!
There is an entrance to Ytwew's Jewellery Boutique here.
A vampire comes into view.
A two-headed ogre comes into view. It is wielding two +0 giant clubs.
The two-headed ogre shouts in stereo!
A two-headed ogre comes into view.
It is wielding two +0 giant spiked clubs.
The two-headed ogre shouts in stereo!
Casting: Frozen Ramparts (safe; 1% risk of failure)
Confirm with . or Enter, or press ? or * to list all spells.
A chill wind blows around you.
You roll towards the two-headed ogre!
You hit the two-headed ogre.
Your tail-slap misses the two-headed ogre.
The two-headed ogre is lightly wounded.
The two-headed ogre hits you with a +0 giant club!!
The two-headed ogre hits you with a +0 giant club!
Your ice beast hits the two-headed ogre.
Your ice beast freezes the two-headed ogre!
The two-headed ogre hits you with a +0 giant spiked club! x2
The two-headed ogre hits you with a +0 giant club!!
* * * LOW HITPOINT WARNING * * *
The two-headed ogre hits you with a +0 giant club!!
You die...

##### ## # .... .#
.. ..# .# ##. #.# .#
#...###O###.##
.#...#@##...#####
...#..OY........V
#.####.##...#####
#.# #.###.##
#.####.# .# #......#
.# #.########.#
#..........# ###
#.#######.##########
#..


You could see 2 two-headed ogres and a friendly ice beast (summoned).

Vanquished Creatures
  Gastronok (D:9)
  Amaemon (D:9)
  Pikel (D:5)
  An orange demon (D:9)
  A wraith (D:8)
  3 yaks (D:8)
  3 steam dragons
  An acid dragon (D:9)
  A water moccasin (D:7)
  3 black bears
  An ogre (D:7)
  A centaur (D:7)
  A phantom (D:7)
  A kobold brigand (D:9)
  2 scorpions
  5 bullfrogs
  3 wights
  3 killer bees (D:10)
  A howler monkey (D:5)
  A bombardier beetle (D:5)
  A jelly (D:6)
  A gnoll bouda (D:7)
  8 orc priests
  6 hounds
  Natasha (thrice) (D:2)
  7 iguanas
  10 orc wizards
  10 gnolls
  7 adders
  A white imp (D:6)
  2 dart slugs
  5 ribbon worms
  29 orcs
  11 endoplasms
  4 giant cockroaches
  6 goblins
  12 hobgoblins
  7 jackals
  3 quokkas
  4 ball pythons
  6 bats
  A frilled lizard (D:3)
  16 kobolds
  2 rats
197 creatures vanquished.

Vanquished Creatures (collateral kills)
  A yak (D:8)
  A wraith (D:9)
  An ice beast (D:5)
  A black bear (D:6)
  Blork the orc (D:6)
  An orc priest (D:6)
  4 orcs
10 creatures vanquished.

Grand Total: 207 creatures vanquished

Notes
Turn   | Place    | Note
-------+----------+-------------------------------------------
     0 | D:1      | Ajdolov the Armataur Ice Elementalist began the quest for
                  | the Orb.
     0 | D:1      | Reached XP level 1. HP: 14/14 MP: 3/3
    75 | D:1      | Found Aluuc's Antique Armour Emporium.
   220 | D:1      | Reached XP level 2. HP: 18/20 MP: 5/5
   690 | D:1      | Reached skill level 4 in Ice Magic
  1029 | D:2      | Reached XP level 3. HP: 26/26 MP: 3/6
  1096 | D:2      | Found a white marble altar of Elyvilon.
  1101 | D:2      | Learned a level 3 spell: Frozen Ramparts
  1105 | D:2      | Learned a level 3 spell: Ozocubu's Armour
  1465 | D:2      | Reached XP level 4. HP: 31/33 MP: 5/8
  1893 | D:2      | Found a white marble altar of Elyvilon.
  2157 | D:2      | Found Rounasmi's General Store.
  2282 | D:2      | Noticed Natasha
  2294 | D:2      | Killed Natasha
  2515 | D:2      | Noticed Natasha
  2526 | D:2      | Killed Natasha
  2767 | D:2      | Noticed Natasha
  2777 | D:2      | Killed Natasha
  2778 | D:2      | Reached XP level 5. HP: 24/38 MP: 5/10
  2828 | D:3      | Noticed a centaur
  2854 | D:3      | Noticed P0WERM0DE's ghost (amateur CoCK)
  2880 | D:3      | Found a transporter.
  3025 | D:3      | Found a transporter.
  3032 | D:3      | Reached skill level 5 in Ice Magic
  3534 | D:4      | Noticed Menkaure
  3849 | D:4      | Reached XP level 6. HP: 45/45 MP: 4/11
  4230 | D:4      | Reached skill level 6 in Ice Magic
  4413 | D:4      | Gained mutation: You regenerate magic and health when
                  | rolling toward enemies. (Rampage Regen) [Armataur growth]
  4413 | D:4      | Reached XP level 7. HP: 50/50 MP: 6/13
  4521 | D:4      | Found an iron altar of Okawaru.
  4979 | D:5      | Entered Level 5 of the Dungeon
  4979 | D:5      | Noticed Pikel
  5053 | D:5      | Killed Pikel
  5054 | D:5      | Reached skill level 5 in Spellcasting
  5054 | D:5      | Reached skill level 7 in Ice Magic
  5189 | D:5      | Reached XP level 8. HP: 54/57 MP: 10/16
  5205 | D:5      | Learned a level 3 spell: Summon Ice Beast
  5668 | D:5      | Found a staircase to the Ecumenical Temple.
  5677 | Temple   | Entered the Ecumenical Temple
  5691 | Temple   | Became a worshipper of Sif Muna the Loreminder
  6458 | D:6      | Reached skill level 8 in Ice Magic
  6685 | D:6      | Noticed Blork the orc
  6691 | D:6      | Killed Blork the orc
  6752 | D:6      | Reached * piety under Sif Muna
  6854 | D:6      | Reached XP level 9. HP: 62/62 MP: 12/19
  7091 | D:6      | Found Usaeruf's General Store.
  7722 | D:7      | Found a sacrificial altar of Ru.
  7746 | D:7      | Reached skill level 9 in Ice Magic
  8282 | D:7      | Reached skill level 1 in Evocations
  8749 | D:8      | Reached skill level 1 in Fighting
  9029 | D:8      | Reached XP level 10. HP: 27/77 MP: 16/22
  9396 | D:9      | Found Soewol's General Store.
  9416 | D:9      | Bought a potion of heal wounds for 80 gold pieces
  9416 | D:9      | Bought a scroll of identify for 32 gold pieces
  9416 | D:9      | Bought a scroll of identify for 32 gold pieces
  9471 | D:9      | Reached ** piety under Sif Muna
  9473 | D:9      | Noticed Amaemon
  9530 | D:9      | Noticed an orange demon
  9682 | D:9      | Killed Amaemon
  9683 | D:9      | Reached skill level 10 in Ice Magic
  9770 | D:9      | Killed an orange demon
  9883 | D:9      | Noticed Gastronok
 10439 | D:9      | Reached skill level 5 in Evocations
 10592 | D:9      | Noticed Joseph
 10643 | D:9      | Killed Gastronok
 10920 | D:9      | Identified the +1 leather armour of Grace {MP+9 Dex+6}
 11564 | D:10     | Entered Level 10 of the Dungeon
 11731 | D:10     | Reached skill level 1 in Armour
 11815 | D:10     | Found Ytwew's Jewellery Boutique.
 11846 | D:10     | Noticed a two-headed ogre
 11848 | D:10     | Noticed a two-headed ogre
 11850 | D:10     | Demolished by a two-headed ogre

Illustrated notes

Levels and vault maps discovered:
D:1:      nagdon_arrival_zigzag_paths, layout_basic, serial_shops, shop
D:2:      layout_basic, basic_altar, serial_shops, nicolae_shop_trees,
          minmay_stone_trees_large, uniq_natasha
D:3:      layout_rooms, gammafunk_ghost_arena, kennysheep_small_spiral,
          nrook_mini_backslash, minmay_close_crescents
D:4:      layout_basic, mainiacjoe_overflow_brackets, hangedman_minor_gate_pass,
          uniq_menkaure
D:5:      layout_basic, minmay_temple_entry_trees, uniq_pikel
D:6:      layout_cave_pods, serial_shops, shop, uniq_blork_the_orc
D:7:      layout_loops_ring, hangedman_ru_absence
D:8:      layout_rooms
D:9:      layout_loops_ring, serial_shops, shop, uniq_gastronok, uniq_joseph,
          uniq_amaemon
D:10:     layout_loops_ring, dancing_weapons_uskayaw, dk_xom_monty_hall,
          dpeg_lair_monsters, minmay_shop_enchanted_jewellery
Temple:   mainiacjoe_temple_coin_purse

Skill      XL: |  1  2  3  4  5  6  7  8  9 10 |
---------------+-------------------------------+-----
Spellcasting   | 2 3 4 5 7 8 |  8.0
Ice Magic      | 4 5 6 7 8 9 10 | 10.0
Evocations     | 3 5 |  5.0
Fighting       | 3 6 |  6.9
Armour         | 1 |  1.0
Dodging        | |  1.3
Stealth        | |  2.1
Invocations    | |  0.8

Action                     |  1- 3 |  4- 6 |  7- 9 | 10-12 || total
---------------------------+-------+-------+-------+-------++-------
  Melee: Short sword       |    40 |    13 |       |       ||    53
         Unarmed           |     2 |       |       |       ||     2
         Tailslap          |     4 |     6 |    13 |     5 ||    28
         Spear             |       |    54 |       |       ||    54
         Halberd           |       |    19 |   110 |    38 ||   167
   Cast: Freeze            |    37 |    26 |     1 |       ||    64
         Frozen Ramparts   |     1 |    17 |    44 |    12 ||    74
         Ozocubu's Armour  |       |     9 |    29 |     9 ||    47
         Summon Ice Beast  |       |       |     9 |    15 ||    24
    Use: Potion            |       |       |     2 |       ||     2
         Scroll            |       |       |       |     4 ||     4
   Stab: Sleeping          |     4 |     7 |     2 |       ||    13
 Armour: Robe              |    54 |    67 |   146 |    56 ||   323
         Leather armour    |       |       |       |    15 ||    15
  Dodge: Dodged            |    35 |    41 |    64 |    35 ||   175

Table legend: (Time is in decaauts)
 A = Elapsed time spent in this place.
 B = Non-inter-level travel time spent in this place.
 C = Inter-level travel time spent in this place.
 D = Time resting spent in this place.
 E = Time spent auto-exploring this place.
 F = Levels seen in this place.
 G = Mean time per level.
                   A        B        C        D        E       F      G
               +--------+--------+--------+--------+--------+-----+--------+
         Total |  12078 |  11389 |    689 |   1584 |   7703 |  11 | 1098.0 |
       Dungeon |  12051 |  11373 |    678 |   1584 |   7703 |  10 | 1205.1 |
        Temple |     26 |     15 |     11 |      0 |      0 |   1 |   26.0 |
               +--------+--------+--------+--------+--------+-----+--------+

Top non-repeatable levels by time:
     D:9: 1846 daAuts
     D:2: 1647 daAuts
     D:4: 1532 daAuts
     D:5: 1319 daAuts
     D:8: 1225 daAuts
     D:7: 1183 daAuts
     D:1: 1175 daAuts
     D:6: 1119 daAuts
     D:3: 711 daAuts
    D:10: 289 daAuts
  Temple: 26 daAuts
